 Dungeon Crawl Stone Soup version 0.19.1-1-g22dce08 (webtiles) character file.

2887 Kiturien the Tainter (level 9, -2/49 HPs)
             Began as an Octopode Venom Mage on Jan 15, 2017.
             Was a Priest of Hepliaklqana.
             Slain by a killer bee (6 damage)
             ... on level 8 of the Dungeon on Jan 16, 2017.
             The game lasted 01:23:41 (8677 turns).

Kiturien the Tainter (Octopode Venom Mage)          Turns: 8677, Time: 01:23:41

Health: -2/49      AC:  1    Str: 10    XL:     9   Next: 77%
Magic:  6/17       EV: 15    Int: 16    God:    Hepliaklqana [***...]
Gold:   358        SH:  5    Dex: 14    Spells: 3 memorised, 10 levels left

rFire  . . .     SeeInvis .     k - +1 dagger (protect)
rCold  . . .     Gourm    .     E - +0 buckler
rNeg   . . .     Faith    .     (helmet restricted)
rPois  .         Spirit   .     (no amulet)
rElec  .         Reflect  .     l - +2 ring of dexterity
rCorr  .         Harm     .     (no ring)
MR     +....                    (no ring)
Stlth  ++++......               (no ring)
                                (no ring)
                                (no ring)
                                (no ring)
                                (no ring)

@: very slightly contaminated
A: almost no armour, stealthy swim, amphibious, 8 rings, constrict 8, reduced
essence, camouflage 1, blink, dopey 1, magic resistance 1, gelatinous body 1
a: Blink, Recall Ancestor, Ancestor Identity, Transference, Renounce Religion


You were on level 8 of the Dungeon.
You worshipped Hepliaklqana.
Hepliaklqana was most pleased with you.
You were full.

You visited 1 branch of the dungeon, and saw 8 of its levels.

You collected 358 gold pieces.

Inventory:

Hand Weapons
 g - a +2 dagger of venom
 i - a +0 shortbow
 k - a +1 dagger of protection (weapon)
 p - a cursed +0 hunting sling
 y - a +0 flail of venom
 C - a +3 halberd
 F - a +1 war axe of electrocution
 I - a cursed +3 hand axe of freezing
Missiles
 j - 44 poisoned needles
 B - 42 arrows
Armour
 E - a +0 buckler (worn)
Jewellery
 l - a +2 ring of dexterity (left tentacle)
Wands
 H - a wand of iceblast (5/15)
 L - a wand of iceblast (4/15)
Scrolls
 c - a scroll of blinking
 m - 3 scrolls of teleportation
 n - 2 scrolls of amnesia
 q - 2 scrolls of remove curse
 s - a scroll of enchant weapon {unknown}
 u - a scroll of magic mapping {unknown}
 w - a scroll of fog {unknown}
 x - 3 scrolls of noise
 z - 2 scrolls of fear {unknown}
 J - a scroll of enchant armour {unknown}
 M - a scroll of random uselessness {unknown}
Potions
 d - 2 potions of lignification
 e - 2 potions of curing
 o - 2 potions of magic
 r - a potion of berserk rage
 t - a potion of degeneration
 v - a potion of haste
 A - a potion of agility
 G - a potion of might
 K - a potion of cancellation {unknown}
Books
 a - a Young Poisoner's Handbook

   Spells                             Type                      Level
   a - Sting                          Conjuration/Poison           1
   b - Mephitic Cloud                 Conjuration/Poison/Air       3
   c - Olgreb's Toxic Radiance        Poison                       4
   d - Alistair's Intoxication        Transmutation/Poison         5
   e - Venom Bolt                     Conjuration/Poison           5
Comestibles
 b - 3 bread rations
 f - 2 beef jerkies
 h - 3 meat rations
 D - 4 fruits


   Skills:
 + Level 2.8 Fighting
 + Level 4.2 Short Blades
 + Level 4.1 Dodging
 + Level 5.7 Stealth
 + Level 4.2 Shields
 + Level 5.3 Spellcasting
 + Level 3.8 Conjurations
 + Level 2.7 Air Magic
 + Level 9.0 Poison Magic


You had 10 spell levels left.
You knew the following spells:

 Your Spells              Type           Power        Failure   Level  Hunger
a - Sting                 Conj/Pois      ###.         1%          1    None
b - Mephitic Cloud        Conj/Pois/Air  ###.....     6%          3    ###....
c - Olgreb's Toxic Radia  Pois           ####....     4%          4    ####...


Dungeon Overview and Level Annotations

Branches:
Dungeon (8/15)             Temple (0/1) D:7
   Lair: D:8-11

Altars:
Cheibriados
Elyvilon
Fedhas
Hepliaklqana
Kikubaaqudgha
Nemelex Xobeh
Uskayaw


Innate Abilities, Weirdness & Mutations

You cannot wear most types of armour.
You are very stealthy in the water. (Stealth+)
You are amphibious.
You can wear up to eight rings at the same time.
You can use your tentacles to constrict eight enemies at once.
Your skin changes colour to match your surroundings (Stealth+).
Your rubbery body absorbs attacks. (AC +1, EV +1)
Your life essence is reduced. (-10% HP)
You can translocate small distances at will.
You are dopey. (Int -2)
You are resistant to hostile enchantments. (MR+)


Message History

Something stings Publius but does no damage.
Publius blocks something's attack. x2; The killer bee stings you!
The killer bee misses you. The killer bee closely misses you.
The killer bee stings you!
You feel sick. The killer bee stings you!
* * * LOW HITPOINT WARNING * * *
The killer bee stings you.
* * * LOW HITPOINT WARNING * * *
You feel better. The killer bee closely misses you. x2
The killer bee stings you.
* * * LOW HITPOINT WARNING * * *
Unknown command.
The killer bee stings Publius but does no damage.
The killer bee closely misses you.
Publius misses the killer bee.
You block the killer bee's attack.
There is a stone staircase leading up here.
The killer bee stings you!
* * * LOW HITPOINT WARNING * * *
The killer bee stings you.
You die...

#.......[...##.†.##
#...))......##...#
#.)..##.....##.....
#....##.....##......
#....#...............
#..R.#...>...........
#..yy#...........
#..yy##.....#....
#...@########....
#....÷# ### #..÷..#
#.....# #.....#
#....## #....##
#.[...# #.....#


You could see the friendly Publius the knight and 4 killer bees.

Vanquished Creatures
  A troll (D:8)
  A hippogriff (D:7)
  An ice beast (D:7)
  A sky beast (D:7)
  A centaur (D:5)
  A scorpion (D:7)
  4 killer bees
  A wight (D:8)
  2 howler monkeys (D:8)
  A crimson imp (D:7)
  A hound (D:4)
  4 orc priests
  A centaur skeleton (D:6)
  3 orc wizards
  An iguana (D:4)
  3 worker ants
  9 adders
  2 gnolls (D:7)
  A knight (D:7)
  3 worms
  2 dart slugs
  5 leopard geckos
  24 orcs
  8 giant cockroaches
  6 goblins
  5 hobgoblins
  2 jackals
  5 kobolds
  3 quokkas
  4 ball pythons
  8 bats
  4 frilled lizards
  A jackal zombie (D:6)
  A leopard gecko zombie (D:6)
  A quokka skeleton (D:5)
  9 rats
130 creatures vanquished.

Vanquished Creatures (collateral kills)
  An orc warrior (D:5)
  A sky beast (D:5)
  An ogre (D:7)
  A bullfrog (D:7)
  3 scorpions
  5 wights
  2 killer bees (D:6)
  2 crimson imps
  A jelly (D:8)
  A quasit (D:7)
  A hound (D:4)
  A centaur skeleton (D:6)
  An orc priest (D:5)
  An iguana (D:5)
  A gnoll shaman (D:7)
  4 orc wizards
  2 worker ants
  2 gnolls (D:7)
  6 adders
  A howler monkey skeleton (D:8)
  An ooze (D:4)
  A worm (D:2)
  3 leopard geckos
  11 orcs
  3 giant cockroaches
  A goblin (D:2)
  2 kobolds
  A frilled lizard (D:2)
  A giant cockroach zombie (D:5)
  4 rats
66 creatures vanquished.

Vanquished Creatures (others)
  2 ancestors
2 creatures vanquished.

Grand Total: 198 creatures vanquished

Notes
Turn   | Place    | Note
-------+----------+-------------------------------------------
     0 | D:1      | Kiturien the Octopode Venom Mage began the quest for the Orb.
     0 | D:1      | Reached XP level 1. HP: 11/11 MP: 3/3
   113 | D:1      | Reached skill level 5 in Poison Magic
   247 | D:1      | Reached XP level 2. HP: 16/17 MP: 5/5
   676 | D:1      | Reached XP level 3. HP: 21/21 MP: 4/6
   897 | D:2      | Found a hazy altar of Hepliaklqana.
   907 | D:2      | Became a worshipper of Hepliaklqana the Forgotten
  1044 | D:2      | Found a blossoming altar of Fedhas.
  1234 | D:2      | Reached skill level 6 in Poison Magic
  1234 | D:2      | Reached XP level 4. HP: 24/24 MP: 3/7
  1659 | D:2      | Found a snail-covered altar of Cheibriados.
  1784 | D:2      | Learned a level 3 spell: Mephitic Cloud
  1835 | D:3      | Reached * piety under Hepliaklqana
  1864 | D:3      | Reached skill level 1 in Short Blades
  2229 | D:3      | Reached skill level 1 in Conjurations
  2229 | D:3      | Reached XP level 5. HP: 28/28 MP: 8/8
  2323 | D:3      | Found a sparkling altar of Nemelex Xobeh.
  2536 | D:3      | Found an ancient bone altar of Kikubaaqudgha.
  2557 | D:3      | Found a white marble altar of Elyvilon.
  2973 | D:4      | Reached skill level 1 in Fighting
  3212 | D:4      | Reached XP level 6. HP: 25/34 MP: 7/10
  3307 | D:4      | Reached ** piety under Hepliaklqana
  3809 | D:5      | Entered Level 5 of the Dungeon
  3930 | D:5      | HP: 1/34 [orc priest/divine providence (11)]
  3935 | D:5      | HP: 1/34 [giant cockroach (1)]
  4235 | D:4      | Remembered your ancestor Publius as a knight
  4284 | D:5      | Reached XP level 7. HP: 28/38 MP: 9/12
  4550 | D:5      | Found a glowing drain.
  4941 | D:5      | Reached skill level 7 in Poison Magic
  5403 | D:5      | Reached skill level 5 in Stealth
  5477 | D:5      | Reached skill level 1 in Air Magic
  5477 | D:5      | Reached XP level 8. HP: 17/45 MP: 3/13
  6077 | D:6      | Reached skill level 8 in Poison Magic
  6322 | D:6      | Reached *** piety under Hepliaklqana
  6469 | D:6      | Reached skill level 1 in Shields
  7123 | D:7      | Found a staircase to the Ecumenical Temple.
  7131 | D:7      | Noticed a hippogriff
  7207 | D:7      | Learned a level 4 spell: Olgreb's Toxic Radiance
  7231 | D:7      | Killed a hippogriff
  7231 | D:7      | Reached XP level 9. HP: 49/49 MP: 2/15
  7661 | D:7      | Gained mutation: You can translocate small distances at will. [mutagenic meat]
  7662 | D:7      | Gained mutation: You are dopey. (Int -2) [mutagenic meat]
  7663 | D:7      | Gained mutation: You are resistant to hostile enchantments. (MR+) [mutagenic meat]
  7806 | D:7      | Found a hide-covered altar of Uskayaw.
  8167 | D:8      | Reached skill level 5 in Spellcasting
  8649 | D:8      | Noticed a troll
  8663 | D:8      | Killed a troll
  8663 | D:8      | Reached skill level 9 in Poison Magic
  8677 | D:8      | Slain by a killer bee

Skill      XL: |  1  2  3  4  5  6  7  8  9 |
---------------+----------------------------+-----
Poison Magic   | 5 6 7 8 9 |  9.0
Stealth        | 3 4 5 |  5.7
Short Blades   | 1 2 3 4 |  4.2
Conjurations   | 1 2 3 |  3.8
Fighting       | 1 2 |  2.8
Spellcasting   | 3 4 5 |  5.3
Dodging        | 3 4 |  4.1
Air Magic      | 1 2 |  2.7
Shields        | 4 |  4.2

Action                   |  1- 3 |  4- 6 |  7- 9 || total
-------------------------+-------+-------+-------++-------
Melee: Unarmed           |     7 |       |       ||     7
       Short sword       |     3 |       |       ||     3
       Constrict         |    10 |    25 |    29 ||    64
       Tentacles         |    10 |    20 |    23 ||    53
       Dagger            |    39 |   100 |   130 ||   269
 Cast: Sting             |    25 |    47 |    78 ||   150
       Mephitic Cloud    |       |     6 |    21 ||    27
       Olgreb's Toxic Ra |       |       |     3 ||     3
Invok: Ancestor Identity |     1 |       |       ||     1
       Ancestor Life: Kn |       |     1 |       ||     1
       Recall Ancestor   |       |       |     6 ||     6
 Abil: Blink             |       |       |     1 ||     1
Evoke: Wand              |       |       |     1 ||     1
  Use: Scroll            |     3 |     7 |     5 ||    15
       Potion            |     1 |       |     3 ||     4
 Stab: Sleeping          |     6 |     4 |     3 ||    13
       Confused          |       |     1 |       ||     1
       Distracted        |       |     1 |       ||     1
  Eat: Fruit             |     1 |     2 |     1 ||     4
       Meat ration       |       |     1 |       ||     1
       Bread ration      |       |     1 |     4 ||     5
       Beef jerky        |       |       |     1 ||     1
       Chunk             |       |       |     3 ||     3
Armor: Skin              |     8 |    15 |    19 ||    42
Dodge: Dodged            |    28 |    73 |    81 ||   182
Block: Buckler           |       |       |    12 ||    12
